 Dungeon Crawl Stone Soup version 0.23.1-42-g8abd8fc (webtiles) character file.

Game seed: 11519280203072891000

326 redwoodhats the Bolt Thrower (level 6, -2/37 HPs)
             Began as a Tengu Hunter on Mar 30, 2019.
             Slain by an orc warrior
             ... wielding a +0 short sword
              (17 damage)
             ... on level 4 of the Dungeon.
             The game lasted 00:09:55 (2179 turns).

redwoodhats the Bolt Thrower (Tengu Hunter)         Turns: 2179, Time: 00:09:55

Health: -2/37      AC: 13    Str: 12    XL:     6   Next: 49%
Magic:  5/7        EV: 18    Int: 11    God:
Gold:   156        SH:  0    Dex: 17    Spells: 5/5 levels left

rFire    . . .     SeeInvis .   i - +2 dagger (protect)
rCold    . . .     Gourm    .   (no shield)
rNeg     . . .     Faith    .   c - +0 leather armour
rPois    .         Spirit   .   (helmet restricted)
rElec    .         Reflect  .   (no cloak)
rCorr    .         Harm     .   m - +2 pair of gloves
MR       .....                  (boots unavailable)
Stlth    ++........             (no amulet)
HPRegen  0.12/turn              j - +3 ring of evasion
MPRegen  0.10/turn              (no ring)

@: protection aura, flying quickly and evasively, quick
A: beak, talons 3, able to fly
a: Stop Flying


You were on level 4 of the Dungeon.
You were not hungry.

You visited 1 branch of the dungeon, and saw 4 of its levels.

You collected 156 gold pieces.

Inventory:

Hand Weapons
 a - a +1 hand crossbow
 b - a +0 short sword
 i - a +2 dagger of protection (weapon)
 l - a +2 dagger of freezing
Missiles
 d - 36 bolts
Armour
 c - a +0 leather armour (worn)
 m - a +2 pair of gloves (worn)
Jewellery
 j - a +3 ring of evasion (left hand)
Scrolls
 e - 3 scrolls of identify
 g - 2 scrolls of fog
 h - 2 scrolls of teleportation
 k - 3 scrolls of remove curse
 o - a scroll of magic mapping
Potions
 n - a potion of curing
Comestibles
 f - 10 rations


   Skills:
 + Level 3.5 Fighting
 + Level 0.3 Short Blades
 + Level 6.9 Crossbows
 + Level 2.1 Armour
 + Level 2.7 Dodging
 + Level 1.1 Stealth


You had 5 spell levels left.
You didn't know any spells.
Your spell library was empty.

Dungeon Overview and Level Annotations

Branches:
Dungeon (4/15)
 Temple: D:4-7

Altars:
Gozag


Innate Abilities, Weirdness & Mutations

You have a beak for a mouth.
You have claws for feet.
You can fly continuously.


Message History

The orc warrior is lightly wounded.
The orc warrior hits you but does no damage.
You hit the orc warrior but do no damage.
Your peck misses the orc warrior.
The orc warrior is lightly wounded.
The orc warrior hits you with a +0 short sword.
You hit the orc warrior but do no damage.
You peck the orc warrior.
The orc warrior is moderately wounded.
The orc warrior completely misses you.
You hit the orc warrior but do no damage.
You peck the orc warrior, but do no damage.
The orc warrior is moderately wounded.
The orc warrior barely misses you.
You hit the orc warrior.
You claw the orc warrior, but do no damage.
You peck the orc warrior, but do no damage.
The orc warrior is heavily wounded.
The orc warrior hits you with a +0 short sword!
You die...

#......[..#
#####.#######.# ######
#.........# #.#
##.....###.###.###.# #.#
...............# #.# #.#
.."......#.###.###.###.#
#......##.# #.........#
#.....###.# #.###.#####
#..owo@.# #.# #.### #
###(##### #.# #...# # #(
#.# ###.# # (o #.# #.# #
((. ..### #.# # .(..
###.###.# # .....
####...##.##### +.....
+..............
####......#####


You could see an orc warrior, a worm and an orc wizard.

Vanquished Creatures
  Grinder (D:3)
  Jessica (D:2)
  A hound skeleton (D:4)
  4 adders
  A worm (D:2)
  A dart slug (D:2)
  2 orcs
  4 giant cockroaches
  4 hobgoblins
  2 jackals (D:2)
  8 kobolds
  2 quokkas (D:2)
  A ball python (D:2)
  6 bats
  3 frilled lizards (D:1)
  7 goblins
  6 rats
54 creatures vanquished.

Notes
Turn   | Place    | Note
-------+----------+-------------------------------------------
     0 | D:1      | redwoodhats the Tengu Hunter began the quest for the Orb.
     0 | D:1      | Reached XP level 1. HP: 12/12 MP: 2/2
   138 | D:1      | Reached XP level 2. HP: 16/17 MP: 3/3
   405 | D:1      | Reached skill level 5 in Crossbows
   775 | D:2      | Reached XP level 3. HP: 21/21 MP: 4/4
   893 | D:2      | Noticed Jessica
   898 | D:2      | Killed Jessica
   898 | D:2      | Reached XP level 4. HP: 26/26 MP: 5/5
  1049 | D:2      | Reached skill level 1 in Armour
  1521 | D:3      | Noticed Grinder
  1531 | D:3      | Paralysed by Grinder for 6 turns
  1539 | D:3      | Killed Grinder
  1539 | D:3      | Reached skill level 6 in Crossbows
  1539 | D:3      | Gained mutation: You can fly continuously. [Tengu growth]
  1539 | D:3      | Reached XP level 5. HP: 10/32 MP: 6/6
  1539 | D:3      | Reached XP level 6. HP: 12/37 MP: 7/7
  1821 | D:3      | Found an opulent altar of Gozag.
  2163 | D:4      | Noticed an orc warrior
  2179 | D:4      | Slain by an orc warrior

Skill      XL: |  1  2  3  4  5  6 |
---------------+-------------------+-----
Crossbows      | 5 6 |  6.9
Armour         | 1 2 |  2.1
Fighting       | 3 |  3.5
Short Blades   | |  0.3
Dodging        | |  2.7
Stealth        | |  1.1

Action                   |  1- 3 |  4- 6 || total
-------------------------+-------+-------++-------
Melee: Short sword       |     6 |       ||     6
       Kick              |     7 |     6 ||    13
       Dagger            |    21 |    12 ||    33
       Peck              |     3 |     4 ||     7
 Fire: Hand crossbow     |    47 |    60 ||   107
 Abil: Fly               |       |     1 ||     1
  Use: Scroll            |     3 |     5 ||     8
       Potion            |     2 |     1 ||     3
  Eat: Ration            |       |     2 ||     2
Armor: Leather armour    |    12 |     4 ||    16
Dodge: Dodged            |    40 |    34 ||    74
